 Dungeon Crawl Stone Soup version 0.21.0-24-g2553a3340b (webtiles) character file.

78 Esekla the Vexing (level 4, 0/32 HPs)
             Began as a Vampire Arcane Marksman on Jan 21, 2018.
             Slain by a bat (1 damage)
             ... on level 3 of the Dungeon.
             The game lasted 00:18:50 (1999 turns).

Esekla the Vexing (Vampire Arcane Marksman)         Turns: 1999, Time: 00:18:51

Health: 0/32       AC:  0    Str:  9    XL:     4   Next: 15%
Magic:  4/5        EV: 21    Int: 15    God:
Gold:   92         SH:  0    Dex: 20    Spells: 4/5 levels left

rFire    . . .     SeeInvis +   (weapon currently unavailable)
rCold    . . .     Gourm    .   (shield currently unavailable)
rNeg     + . .     Faith    .   (armour currently unavailable)
rPois    .         Spirit   .   (helmet currently unavailable)
rElec    .         Reflect  .   (cloak currently unavailable)
rCorr    .         Harm     .   (gloves currently unavailable)
MR       .....                  (boots currently unavailable)
Stlth    ++++......             (no amulet)
HPRegen  0.10/turn              (ring currently unavailable)
MPRegen  0.09/turn              (ring currently unavailable)

@: lethally poisoned (0 -> 0), bat-form, flying, very slightly contaminated,
very quick
A: tiny, fangs 3, see invisible
a: End Transformation


You were on level 3 of the Dungeon.
You were not thirsty.
You were in vampire-bat-form.
You visited 1 branch of the dungeon, and saw 3 of its levels.

You collected 92 gold pieces.

Inventory:

Hand Weapons
 i - a +0 short sword (melded)
Missiles
 c - 5 javelins (quivered)
 d - 2 throwing nets
Armour
 a - a +0 robe (melded)
Wands
 j - a wand of enslavement (12)
Scrolls
 o - a scroll of enchant armour {unknown}
Potions
 e - 14 potions of blood
 g - a potion of lignification
 q - a potion of flight
Books
 b - a book of Debilitation

   Spells                             Type                      Level
   a - Corona                         Hexes                        1
   b - Slow                           Hexes                        2
   c - Inner Flame                    Hexes/Fire                   3
   d - Portal Projectile              Hexes/Translocation          3
   e - Cause Fear                     Hexes                        4
   f - Leda's Liquefaction            Hexes/Earth                  4
 k - a book of Maledictions

   Spells                             Type                      Level
   a - Corona                         Hexes                        1
   b - Ensorcelled Hibernation        Hexes/Ice                    2
   c - Confuse                        Hexes                        3
   d - Tukima's Dance                 Hexes                        3
   e - Dazzling Spray                 Conjuration/Hexes            3


   Skills:
 + Level 1.3 Fighting
 * Level 2.8 Short Blades
 - Level 1.5 Throwing
 + Level 3.2 Dodging
 + Level 1.5 Stealth
 - Level 1.0 Spellcasting
 - Level 4.4 Hexes


You had 4 spell levels left.
You knew the following spells:

 Your Spells              Type           Power        Failure   Level  Hunger
a - Corona                Hex            ##.....      4%          1    ##.....


Dungeon Overview and Level Annotations

Branches:
Dungeon (3/15)

Altars:

Portals:
Sewer: D:3

Annotations:
D:3 Natasha


Innate Abilities, Weirdness & Mutations

You have razor-sharp teeth.
You have supernaturally acute eyesight. (SInv)
((You can survive without breathing.))


Message History

Your +0 robe melds into your body.
The adder bites you.
* * * LOW HITPOINT WARNING * * *
You are poisoned.
The adder poisons you! The adder barely misses you.
You feel sick.
You feel sick.
You hear the rusting of a distant drain.
You feel sick. The bat completely misses you. The bat closely misses you.
The bat misses you.
You feel sick. The bat completely misses you. The bat hits you.
* * * LOW HITPOINT WARNING * * *
The bat misses you. The bat misses you. The bat closely misses you.
* * * LOW HITPOINT WARNING * * *
You feel sick. The bat hits you.
You die...

#.###..# #.##S#### ..
##[### #.......# ..#
#...######.##.# .
########..$#####.## # .
................# .h
....##≈≈.≈≈##.#.# #
....##≈≈.≈≈##≈#.##..#.
....≈≈.≈...≈b..........
....≈≈.....b≈..#.###..#
##.≈≈.(∩......#.#
#.≈≈.....≈≈.##..
#.≈≈≈....≈≈.# #.#
#.##≈≈≈≈≈##.# .. #.
#≈≈≈≈≈##.# ... #
......l....
.............
######.....=##


You could see a bat and a frilled lizard (wandering).

Vanquished Creatures
  2 adders (D:2)
  A river rat (D:3)
  An ooze (D:2)
  2 dart slugs
  2 leopard geckos
  A ball python (D:1)
  6 bats
  8 goblins
  4 hobgoblins
  4 frilled lizards
  8 kobolds
  3 rats
42 creatures vanquished.

Notes
Turn   | Place    | Note
-------+----------+-------------------------------------------
     0 | D:1      | Esekla the Vampire Arcane Marksman began the quest for the Orb.
     0 | D:1      | Reached XP level 1. HP: 14/14 MP: 2/2
   354 | D:2      | Reached skill level 1 in Short Blades
   444 | D:1      | Reached skill level 1 in Fighting
   444 | D:1      | Reached XP level 2. HP: 10/21 MP: 3/3
   894 | D:1      | Reached XP level 3. HP: 4/26 MP: 4/4
  1425 | D:2      | Reached skill level 1 in Stealth
  1547 | D:2      | Reached XP level 4. HP: 11/32 MP: 5/5
  1820 | D:3      | Noticed Natasha
  1839 | D:3      | Found a glowing drain.
  1878 | D:3      | HP: 2/48 [river rat (4)]
  1999 | D:3      | HP: 1/32 [poisoned by an adder]
  1999 | D:3      | Slain by a bat

Skill      XL: |  1  2  3 |
---------------+----------+-----
Short Blades   | 1 2 |  2.8
Fighting       | 1 |  1.3
Dodging        | 3 |  3.2
Stealth        | 1 |  1.5
Throwing       | |  1.5
Spellcasting   | |  1.0
Hexes          | |  4.4

Action                   |  1- 3 |  4- 6 || total
-------------------------+-------+-------++-------
Melee: Short sword       |   153 |    41 ||   194
       Bite              |    17 |     1 ||    18
       Unarmed           |     3 |       ||     3
Throw: Javelin           |     7 |       ||     7
 Abil: Bat Form          |       |     2 ||     2
       End Transformatio |       |     1 ||     1
  Use: Potion            |       |    11 ||    11
       Scroll            |       |     5 ||     5
 Stab: Sleeping          |     4 |       ||     4
       Invisible         |       |     1 ||     1
Armor: Robe              |    27 |     5 ||    32
       Skin              |       |     8 ||     8
Dodge: Dodged            |    90 |    68 ||   158
